 Dungeon Crawl Stone Soup version 0.19.4-10-g532645f (webtiles) character file.

24248 nikopol the Cleaver (level 12, -5/110 HPs)
             Began as a Minotaur Berserker on Feb 22, 2017.
             Was a High Priest of Trog.
             Shot with an arrow by Nessos (19 damage)
             ... on level 4 of the Lair of Beasts on Feb 23, 2017.
             The game lasted 00:43:29 (19946 turns).

nikopol the Cleaver (Minotaur Berserker)           Turns: 19946, Time: 00:43:30

Health: -5/110     AC: 12    Str: 23    XL:     12   Next: 79%
Magic:  11/11      EV: 18    Int:  4    God:    Trog [*****.]
Gold:   646        SH:  0    Dex: 17    Spells: 0 memorised, 11 levels left

rFire  + . .     SeeInvis .     a - +0 war axe
rCold  + . .     Gourm    .     e - +2 ring mail {rF+}
rNeg   . . .     Faith    .     (no shield)
rPois  .         Spirit   .     (helmet restricted)
rElec  .         Reflect  .     v - +0 cloak
rCorr  .         Harm     .     j - +0 pair of gloves
MR     .....                    (no boots)
Stlth  +.........               (no amulet)
                                s - ring of protection from cold
                                b - +3 ring of dexterity

@: lethally poisoned (-5 -> -35)
A: retaliatory headbutt, horns 2
a: Berserk, Trog's Hand, Brothers in Arms, Burn Spellbooks, Renounce Religion


You were on level 4 of the Lair of Beasts.
You worshipped Trog.
Trog was extremely pleased with you.
You were not hungry.

You visited 2 branches of the dungeon, and saw 13 of its levels.
You also visited: Volcano.

You collected 646 gold pieces.

Inventory:

Hand Weapons
 a - a +0 war axe (weapon)
 z - a +1 shortbow of flaming
Missiles
 g - 228 arrows (quivered)
Armour
 e - a +2 ring mail of fire resistance (worn)
 j - a +0 pair of gloves (worn)
 v - a +0 cloak (worn)
 G - a +0 scale mail
Jewellery
 b - a +3 ring of dexterity (left hand)
 s - a ring of protection from cold (right hand)
 R - an uncursed ring of positive energy
Wands
 S - a wand of teleportation (4/9)
Scrolls
 f - 5 scrolls of noise {unknown}
 i - 3 scrolls of enchant armour {unknown}
 k - 6 scrolls of teleportation {unknown}
 m - a scroll of acquirement {unknown}
 t - 4 scrolls of remove curse
 u - 3 scrolls of fear {unknown}
 w - 2 scrolls of immolation {unknown}
 x - a scroll of enchant weapon {unknown}
 F - 4 scrolls of random uselessness {unknown}
 J - 2 scrolls of brand weapon {unknown}
 X - a scroll of magic mapping {unknown}
 Z - a scroll of torment {unknown}
Potions
 d - 2 potions of berserk rage
 h - a potion of heal wounds
 l - 9 potions of curing
 n - 4 potions of agility
 o - a potion of resistance {unknown}
 p - 5 potions of degeneration
 q - 3 potions of haste
 r - a potion of cure mutation {unknown}
 A - 2 potions of might
 B - a potion of flight {unknown}
 C - 5 potions of lignification
 H - a potion of beneficial mutation {unknown}
 M - 2 potions of magic
 N - a potion of ambrosia {unknown}
 P - a potion of invisibility {unknown}
 V - a potion of brilliance {unknown}
 W - a potion of mutation {unknown}
Comestibles
 c - 15 bread rations
 I - 5 meat rations


   Skills:
 + Level 11.1 Fighting
 * Level 14.0 Axes
 * Level 11.2 Bows
 + Level 10.7 Armour
 + Level 9.9 Dodging


You had 11 spell levels left.
You didn't know any spells.

Dungeon Overview and Level Annotations

Branches:
Dungeon (9/15)             Temple (0/1) D:5            Lair (4/6) D:9
  Swamp (0/4) Lair:3       Spider (0/4) Lair:3
    Orc: D:9-12

Altars:
Cheibriados
Fedhas
Gozag
Hepliaklqana
Okawaru
Qazlal
Ru
Sif Muna
Vehumet
Yredelemnul
Zin

Shops:
D:4 :

Annotations:
Lair:4 Nessos


Innate Abilities, Weirdness & Mutations

You reflexively headbutt those who attack you in melee.
You have a pair of horns on your head.


Message History

You feel very sick.
You feel very sick.
Nessos shoots an arrow.
The arrow closely misses you.
You see here an arrow.
You feel sick.
Nessos shoots an arrow.
The arrow barely misses you.
Nessos shoots an arrow.
The arrow completely misses you.
You see here 2 arrows.
You feel very sick.
Nessos shoots an arrow.
The arrow hits you.
You see here an arrow.
You feel sick.
Nessos shoots an arrow.
The arrow hits you!
* * * LOW HITPOINT WARNING * * *
The arrow burns you.
You are more poisoned.
* * * LOW HITPOINT WARNING * * *
You see here an arrow.
* * * LOW HITPOINT WARNING * * *
You feel very sick.
Nessos shoots an arrow.
The arrow hits you!!
You die...

........#..........#.##
+...⌠...+..>.⌠#......P##
#.......#.... #...>....#
#..####.##.⌠
##......###### #...
#######.......# ##.##
##...
##........####...##
#...P
#........P#..#.(..##
.....
##..........P..(.(.###
#.###@((((..c..(....##
## #..###...((.((....#
#P...###P...........
#......#............
#..P......#.........(
#....................#
..........#............
.........###...........
... ###.........


You could see Nessos.

Vanquished Creatures
  Snorg (Lair:4)
  2 hydras (Lair:2)
  Urug (Lair:4)
  The ghost of galech the Basher, a novice GrFi of Okawaru (D:8)
  A hill giant (D:9)
  An orb spider (Lair:3)
  An oklob plant (Lair:3)
  3 black mambas (Lair:2)
  14 spiny frogs
  2 rime drakes
  5 komodo dragons
  2 trolls (D:9)
  A polar bear (Lair:4)
  2 hornets (Lair:3)
  2 tyrant leeches (Lair:3)
  3 blink frogs (Lair:3)
  3 hippogriffs
  The ghost of raph the Magician, an amateur DEWz (D:5)
  3 fire bats (Lair:4)
  10 yaks
  Sigmund (D:2)
  2 wyverns
  A hungry ghost (D:9)
  6 porcupines
  9 water moccasins
  2 ice beasts
  An orc warrior (D:6)
  A sky beast (D:8)
  2 black bears
  12 wolves
  A necrophage (D:6)
  7 ogres
  8 crocodiles
  6 centaurs
  13 bullfrogs
  2 big kobolds (D:9)
  A scorpion (D:9)
  6 killer bees
  A howler monkey (D:5)
  4 electric eels (Lair:1)
  3 crimson imps
  2 centaur zombies
  2 quasits
  A centaur skeleton (D:4)
  3 hounds
  6 jellies
  4 orc priests
  5 orc wizards
  A gnoll shaman (D:7)
  3 iguanas
  A bullfrog skeleton (D:5)
  4 worker ants
  A howler monkey zombie (D:9)
  9 gnolls
  11 adders
  A river rat (D:9)
  A shadow imp (D:7)
  2 oozes
  An adder zombie (D:6)
  An adder skeleton (D:8)
  3 worms
  4 dart slugs
  4 leopard geckos
  20 orcs
  4 giant cockroaches
  2 gnoll zombies (D:2)
  5 goblins
  11 hobgoblins
  14 jackals
  13 kobolds
  5 quokkas
  A ball python (D:6)
  10 bats
  4 frilled lizards
  2 leopard gecko skeletons
  10 rats
  A butterfly (D:5)
  6 fungi
  A plant (Lair:2)
327 creatures vanquished.

Vanquished Creatures (collateral kills)
  Nergalle (Lair:2)
1 creature vanquished.

Vanquished Creatures (others)
  A bat (D:9)
  28 fungi
  11 plants
40 creatures vanquished.

Grand Total: 368 creatures vanquished

Notes
Turn   | Place    | Note
-------+----------+-------------------------------------------
     0 | D:1      | nikopol the Minotaur Berserker began the quest for the Orb.
     0 | D:1      | Reached XP level 1. HP: 19/19 MP: 0/0
    54 | D:1      | Reached XP level 2. HP: 27/27 MP: 1/1
   197 | D:1      | Reached skill level 4 in Axes
   505 | D:1      | Reached XP level 3. HP: 30/33 MP: 2/2
   597 | D:2      | Found a faded altar of an unknown god.
   597 | D:2      | Noticed Sigmund
   601 | D:2      | Killed Sigmund
   601 | D:2      | Reached XP level 4. HP: 41/41 MP: 3/3
   601 | D:2      | Reached XP level 5. HP: 47/47 MP: 4/4
   602 | D:2      | Reached ** piety under Trog
   707 | D:2      | Found an iron altar of Okawaru.
   832 | D:2      | Reached skill level 5 in Axes
  1033 | D:2      | Found a basalt altar of Yredelemnul.
  1335 | D:3      | Reached skill level 5 in Fighting
  1548 | D:3      | Reached XP level 6. HP: 51/56 MP: 5/5
  1599 | D:3      | Found a deep blue altar of Sif Muna.
  2015 | D:3      | Found a radiant altar of Vehumet.
  2327 | D:4      | Reached *** piety under Trog
  2451 | D:4      | Found Dekulos's Book Boutique.
  2568 | D:4      | Found a sacrificial altar of Ru.
  3079 | D:5      | Entered Level 5 of the Dungeon
  3080 | D:5      | Upgraded the game from 0.19.4-9-g45fd643 to 0.19.4-10-g532645f
  3121 | D:5      | Found a blossoming altar of Fedhas.
  3124 | D:5      | Reached XP level 7. HP: 55/61 MP: 6/6
  3130 | D:5      | Reached skill level 6 in Axes
  3158 | D:5      | Reached skill level 5 in Armour
  3158 | D:5      | Reached skill level 5 in Dodging
  3242 | D:5      | Found a staircase to the Ecumenical Temple.
  3262 | D:5      | Noticed raph's ghost (amateur DEWz)
  3274 | D:5      | Killed raph's ghost
  3513 | D:5      | Reached XP level 8. HP: 42/71 MP: 7/7
  3742 | D:5      | Found a snail-covered altar of Cheibriados.
  3910 | D:5      | Found a faded altar of an unknown god.
  3910 | D:5      | Found a faded altar of an unknown god.
  3924 | D:5      | Found an opulent altar of Gozag.
  3930 | D:5      | Found a faded altar of an unknown god.
  3932 | D:5      | Found a faded altar of an unknown god.
  4054 | D:5      | Reached skill level 7 in Axes
  4076 | D:5      | Reached skill level 1 in Bows
  4663 | D:6      | Reached skill level 8 in Axes
  4779 | D:6      | Found a basalt altar of Yredelemnul.
  4796 | D:6      | Reached **** piety under Trog
  4929 | D:6      | Found a hazy altar of Hepliaklqana.
  4933 | D:6      | Received a gift from Trog
  5558 | D:7      | Reached XP level 9. HP: 67/77 MP: 8/8
  6743 | D:8      | Found a glowing silver altar of Zin.
  6788 | D:8      | Reached skill level 9 in Axes
  7072 | D:8      | Noticed galech's ghost (novice GrFi)
  7084 | D:8      | Killed galech's ghost
  7084 | D:8      | Reached skill level 5 in Bows
  7884 | D:8      | Reached XP level 10. HP: 84/87 MP: 9/9
  8202 | D:8      | Reached skill level 10 in Axes
  8604 | D:9      | Found a stormy altar of Qazlal.
  8752 | D:9      | Noticed a hill giant
  8769 | D:9      | Killed a hill giant
  8957 | D:9      | Found a staircase to the Lair.
  9037 | D:9      | Reached ***** piety under Trog
  9038 | D:9      | Received a gift from Trog
  9054 | D:9      | HP: 4/89 [poisoned by a kobold]
  9060 | D:9      | HP: 2/89 [poisoned by a kobold]
  9067 | D:9      | HP: 2/89 [poisoned by a kobold]
 10007 | Lair:1   | Entered Level 1 of the Lair of Beasts
 10090 | Lair:1   | Reached skill level 11 in Axes
 10258 | Lair:1   | Noticed a spiny frog
 10266 | Lair:1   | Killed a spiny frog
 10845 | Lair:1   | Reached XP level 11. HP: 90/95 MP: 10/10
 12665 | Lair:2   | Reached skill level 12 in Axes
 12933 | Lair:2   | Noticed a seven-headed hydra
 12948 | Lair:2   | Killed a 13-headed hydra
 12948 | Lair:2   | Reached skill level 10 in Fighting
 12952 | Lair:2   | Noticed Nergalle
 12963 | Lair:2   | Killed Nergalle
 13364 | Lair:2   | HP: 7/145 [poisoned by a spiny frog]
 13367 | Lair:2   | HP: 1/97 [poisoned by a spiny frog]
 15121 | Lair:2   | Noticed a four-headed hydra
 15136 | Lair:2   | Killed a seven-headed hydra
 15137 | Lair:2   | Reached XP level 12. HP: 106/106 MP: 11/11
 15138 | Lair:2   | Reached skill level 10 in Bows
 15718 | Lair:2   | Reached skill level 10 in Armour
 16038 | Lair:2   | Reached skill level 13 in Axes
 17615 | Lair:3   | Found a hole to the Spider Nest.
 18007 | Lair:3   | Found a staircase to the Swamp.
 18622 | Lair:4   | Noticed Snorg
 18634 | Lair:4   | Killed Snorg
 18882 | Lair:4   | Found a dark tunnel.
 18894 | Volcano  | Entered a volcano
 19278 | Lair:4   | Noticed Urug
 19780 | Lair:4   | Killed Urug
 19780 | Lair:4   | Reached skill level 14 in Axes
 19916 | Lair:4   | Noticed Nessos
 19946 | Lair:4   | Shot with an arrow by Nessos

Skill      XL: |  1  2  3  4  5  6  7  8  9 10 11 12 |
---------------+-------------------------------------+-----
Axes           | 4 5 6 8 9 11 12 14 | 14.0
Fighting       | 4 5 6 7 8 9 10 11 | 11.1
Armour         | 3 4 5 6 7 8 9 10 | 10.7
Dodging        | 3 4 5 6 7 8 9 |  9.9
Bows           | 3 6 8 9 11 | 11.2

Action                   |  1- 3 |  4- 6 |  7- 9 | 10-12 || total
-------------------------+-------+-------+-------+-------++-------
Melee: Hand axe          |    35 |   156 |    84 |       ||   275
       Headbutt          |     6 |    33 |    39 |   113 ||   191
       War axe           |       |       |   105 |   450 ||   555
 Fire: Shortbow          |       |       |   183 |   357 ||   540
Invok: Berserk           |     1 |       |     3 |     7 ||    11
       Burn Spellbooks   |       |     1 |       |     2 ||     3
       Brothers in Arms  |       |       |       |     1 ||     1
  Use: Potion            |       |       |       |     1 ||     1
       Scroll            |       |       |       |    11 ||    11
  Eat: Chunk             |       |     8 |    15 |    27 ||    50
       Pizza             |       |       |     2 |       ||     2
       Beef jerky        |       |       |       |     7 ||     7
       Fruit             |       |       |       |     9 ||     9
Armor: Animal skin       |     4 |       |       |       ||     4
       Ring mail         |     3 |    69 |    56 |   125 ||   253
       Scale mail        |       |       |       |    12 ||    12
Dodge: Dodged            |    20 |   119 |   167 |   427 ||   733
